 Dungeon Crawl Stone Soup version 0.19-a0-1740-g0bcaf2e (webtiles) character file.

8351 Amnesiac the Thaumaturge (level 11, -1/53 (54) HPs)
             Began as a Deep Elf Earth Elementalist on Oct 2, 2016.
             Was an Initiate of Gozag.
             Slain by an unseen horror (6 damage)
             ... on level 10 of the Dungeon.
             The game lasted 00:24:16 (11310 turns).

Amnesiac the Thaumaturge (DEEE)                    Turns: 11310, Time: 00:24:17

HP:   -1/53 (54)    AC:  5    Str:  9    XL:     11   Next: 8%
MP:   7/28          EV: 13    Int: 23    God:    Gozag
Gold: 482           SH:  0    Dex: 18    Spells: 4 memorised, 21 levels left

rFire  . . .     SeeInvis .     L - +1 dagger (venom)
rCold  . . .     Gourm    .     G - +1 robe "Burch" {+Inv Str+4}
rNeg   . . .     Faith    .     (no shield)
rPois  .         Spirit   .     (no helmet)
rElec  .         Dismiss  .     y - +0 cloak
rCorr  .         Reflect  .     I - +0 pair of gloves
MR     +....     Harm     .     (no boots)
Stlth  +++++.....               (no amulet)
                                f - +2 ring of slaying
                                B - +2 ring of intelligence

@: gold aura, very slightly contaminated, studying Stealth
A: no striking features
a: Potion Petition, Call Merchant, Bribe Branch, Renounce Religion, Evoke
Invisibility


You were on level 10 of the Dungeon.
You worshipped Gozag.
Gozag was aware of your devotion.
You were not hungry.

You visited 1 branch of the dungeon, and saw 10 of its levels.

You collected 1807 gold pieces.
You spent 1290 gold pieces at shops.
You paid 35 gold pieces to Gozag.

Inventory:

Hand Weapons
 L - a +1 dagger of venom (weapon)
Missiles
 b - 128 stones (quivered)
Armour
 y - a +0 cloak (worn)
 G - the +1 robe "Burch" (worn) {+Inv Str+4}
   (You found it on level 6 of the Dungeon)

   It affects your strength (+4).
   It lets you turn invisible.
 H - a +1 robe of magic resistance
 I - a +0 pair of gloves (worn)
Jewellery
 f - a +2 ring of slaying (right hand)
 l - an uncursed ring of poison resistance
 B - a +2 ring of intelligence (left hand)
Wands
 a - a wand of enslavement (9/24)
 c - a wand of polymorph (13/24)
 z - a wand of iceblast (4/15)
Scrolls
 i - a scroll of blinking
 j - 2 scrolls of magic mapping
 o - a scroll of fear {unknown}
 p - 2 scrolls of teleportation {unknown}
 s - a scroll of acquirement {unknown}
 w - 2 scrolls of immolation {unknown}
 x - a scroll of recharging {unknown}
 C - 2 scrolls of fog {unknown}
 D - 3 scrolls of enchant weapon {unknown}
 J - a scroll of amnesia {unknown}
 K - a scroll of silence {unknown}
 P - a scroll of vulnerability
 R - a scroll of torment {unknown}
Potions
 g - 4 potions of brilliance
 h - a potion of mutation {unknown}
 k - 2 potions of might {unknown}
 q - a potion of lignification {unknown}
 r - 6 potions of curing
 u - a potion of magic
 v - 2 potions of haste
 A - 3 potions of flight
 M - a potion of cancellation
Books
 e - a book of Geomancy

   Spells                             Type                      Level
   a - Sandblast                      Earth                        1
   b - Passwall                       Transmutation/Earth          2
   c - Stone Arrow                    Conjuration/Earth            3
   d - Petrify                        Transmutation/Earth          4
   e - Lee's Rapid Deconstruction     Earth                        5
 E - a book of Necromancy

   Spells                             Type                      Level
   a - Pain                           Necromancy                   1
   b - Animate Skeleton               Necromancy                   1
   c - Vampiric Draining              Necromancy                   3
   d - Regeneration                   Charms/Necromancy            3
   e - Animate Dead                   Necromancy                   4
   f - Control Undead                 Necromancy                   4
 F - a book of Minor Magic

   Spells                             Type                      Level
   a - Magic Dart                     Conjuration                  1
   b - Blink                          Translocation                2
   c - Call Imp                       Summoning                    2
   d - Repel Missiles                 Charms/Air                   2
   e - Slow                           Hexes                        2
   f - Conjure Flame                  Conjuration/Fire             3
   g - Mephitic Cloud                 Conjuration/Poison/Air       3
 N - a manual of Stealth
Comestibles
 d - 7 bread rations
 O - 24 fruits
 Q - a meat ration


   Skills:
 + Level 9.1 Short Blades
 - Level 2.4 Dodging
 - Level 10.1 Stealth
 - Level 11.5 Spellcasting
 - Level 2.0 Transmutations
 - Level 11.5 Earth Magic


You had 21 spell levels left.
You knew the following spells:

 Your Spells              Type           Power        Failure   Level  Hunger
a - Lee's Rapid Deconstr  Erth           ######....   1%          5    ####...
e - Petrify               Tmut/Erth      #####...     3%          4    None
f - Sandblast             Erth           ######       1%          1    None
v - Passwall              Tmut/Erth      #####.....   1%          2    None


Dungeon Overview and Level Annotations

Branches:
Dungeon (10/15)            Temple (0/1) D:6            Lair (0/6) D:8
    Orc (0/2) D:9

Altars:
Gozag
Kikubaaqudgha
Makhleb
Nemelex Xobeh
Sif Muna
Trog
Yredelemnul

Shops:
D:5 :   D:9 *   D:10 ?


Message History

An orc wizard comes into view. It is wielding a dagger.
Unknown command.
Something hits you! 2 orcs come into view.
The orc moves out of view.
Something hits you.
An orc comes into view. It is wielding a short sword.
Something hits you! x2
Something hits you.
* * * LOW HITPOINT WARNING * * *
The orc wizard gestures at you while chanting.
The magic dart hits you!
* * * LOW HITPOINT WARNING * * *
Okay, then.
Blink to where?
Press: ? - help, Dir - move target cursor You are very lightly contaminated with residual magic.
As you read the scroll of blinking, it crumbles to dust.
Something hits you.
You die...
Your body crumbles into a pile of gold.

#$.......#
#.$......#
#........#
#......$.#
###......))#
.oo..o.o§...#
#'####..$$...#
#.......#
#......@###
#.......).#
#.........#
##........#
#........#
#..####### #..
#.. #.


You could see an orc wizard and an orc.

Vanquished Creatures
  A hill giant (D:10)
  A deep elf mage (D:8)
  Joseph (D:9)
  An efreet (D:8)
  The ghost of Amnesiac the Digger, an amateur DEEE (D:4)
  2 hippogriffs
  A wraith (D:10)
  10 yaks
  A vampire mosquito (D:8)
  Menkaure (D:7)
  A hungry ghost (D:8)
  2 hell hounds (D:8)
  Duvessa (D:5)
  An orc warrior (D:9)
  2 phantoms
  A sky beast (D:7)
  5 necrophages
  2 ice beasts
  4 centaurs
  A big kobold (D:8)
  5 bullfrogs
  Dowan (D:5)
  3 scorpions
  10 killer bees
  5 howler monkeys
  8 wights
  A centaur zombie (D:7)
  3 crimson imps
  An orc priest (D:9)
  2 hounds
  2 jellies
  5 human zombies (D:7)
  A centaur skeleton (D:5)
  2 orc wizards
  Crazy Yiuf (D:7)
  5 bullfrog skeletons
  2 iguanas
  2 human skeletons (D:7)
  Ijyb (D:2)
  5 worker ants
  A hound zombie (D:9)
  2 hound skeletons
  4 mummies
  A gnoll (D:7)
  12 adders
  3 shadow imps
  An adder zombie (D:7)
  4 worms
  4 dart slugs
  4 leopard geckos
  27 orcs
  3 bats
  4 giant cockroaches
  4 goblins
  5 hobgoblins
  9 jackals
  3 quokkas
  2 ball pythons (D:4)
  7 frilled lizards
  A jackal skeleton (D:2)
  8 kobolds
  A leopard gecko zombie (D:5)
  A quokka skeleton (D:4)
  5 rats (D:2)
221 creatures vanquished.

Vanquished Creatures (others)
  A wizard (D:3)
1 creature vanquished.

Grand Total: 222 creatures vanquished

Notes
Turn   | Place    | Note
-------+----------+-------------------------------------------
     0 | D:1      | Amnesiac the Deep Elf Earth Elementalist began the quest for the Orb.
     0 | D:1      | Reached XP level 1. HP: 10/10 MP: 6/6
   122 | D:2      | Reached XP level 2. HP: 12/15 MP: 5/8
   130 | D:3      | Noticed Ijyb
   296 | D:2      | Killed Ijyb
   296 | D:2      | Reached XP level 3. HP: 3/19 MP: 0/9
   591 | D:2      | Reached skill level 5 in Earth Magic
   599 | D:2      | Learned a level 2 spell: Passwall
   939 | D:3      | Found a basalt altar of Yredelemnul.
   953 | D:3      | Reached XP level 4. HP: 24/24 MP: 7/10
   959 | D:3      | Learned a level 4 spell: Petrify
  1059 | D:3      | Reached skill level 1 in Short Blades
  1083 | D:3      | Found a burning altar of Makhleb.
  1248 | D:3      | Found a bloodstained altar of Trog.
  1257 | D:3      | Noticed a wizard
  1263 | D:3      | Killed a wizard
  1497 | D:4      | Found an opulent altar of Gozag.
  1504 | D:4      | Became a worshipper of Gozag Ym Sagoz the Greedy
  2340 | D:4      | Reached XP level 5. HP: 27/28 MP: 2/11
  2429 | D:4      | Noticed Amnesiac's ghost (amateur DEEE)
  2693 | D:5      | Entered Level 5 of the Dungeon
  2874 | D:5      | Reached skill level 5 in Spellcasting
  2874 | D:5      | Reached XP level 6. HP: 25/32 MP: 7/15
  3097 | D:5      | Noticed Duvessa
  3390 | D:5      | Noticed Dowan
  3433 | D:5      | Killed Duvessa
  3433 | D:5      | Reached XP level 7. HP: 36/36 MP: 13/18
  3443 | D:5      | Killed Dowan
  3507 | D:5      | Found Rimayrias's Book Shoppe.
  4722 | D:4      | Killed Amnesiac's ghost
  4977 | D:4      | Learned a level 5 spell: Lee's Rapid Deconstruction
  5376 | D:6      | Got a steaming robe
  5387 | D:6      | Identified the +1 robe "Burch" {+Inv Str+4} (You found it on level 6 of the Dungeon)
  5415 | D:6      | Found a staircase to the Ecumenical Temple.
  5432 | D:6      | Reached XP level 8. HP: 41/41 MP: 12/21
  6428 | D:7      | Reached skill level 5 in Short Blades
  6521 | D:7      | Noticed Menkaure
  6531 | D:7      | Killed Menkaure
  6760 | D:7      | Reached XP level 9. HP: 31/45 MP: 11/23
  6875 | D:7      | Found a deep blue altar of Sif Muna.
  7058 | D:7      | Found a runed door.
  7062 | D:7      | Noticed Crazy Yiuf
  7073 | D:7      | Killed Crazy Yiuf
  7654 | D:7      | Found an ancient bone altar of Kikubaaqudgha.
  8124 | D:8      | Found a sparkling altar of Nemelex Xobeh.
  8245 | D:8      | Reached skill level 10 in Spellcasting
  8433 | D:8      | Found a staircase to the Lair.
  8481 | D:8      | Noticed an efreet
  8501 | D:8      | Killed an efreet
  8506 | D:8      | Noticed a deep elf mage
  8512 | D:8      | Killed a deep elf mage
  8512 | D:8      | Reached XP level 10. HP: 45/50 MP: 16/27
  8802 | D:5      | Bought a manual of Stealth for 1104 gold pieces
  9200 | D:9      | Reached skill level 10 in Earth Magic
  9403 | D:9      | Found Gonajimm's General Store.
  9413 | D:9      | Bought a scroll of identify for 24 gold pieces
  9413 | D:9      | Bought a scroll of vulnerability for 90 gold pieces
  9413 | D:9      | Bought 2 potions of curing for 72 gold pieces
  9525 | D:9      | Noticed Joseph
  9542 | D:9      | Killed Joseph
  9542 | D:9      | Reached skill level 5 in Stealth
 10350 | D:9      | Found a staircase to the Orcish Mines.
 10507 | D:9      | Reached skill level 10 in Stealth
 11160 | D:10     | Entered Level 10 of the Dungeon
 11177 | D:10     | Reached XP level 11. HP: 53/53 MP: 16/28
 11289 | D:10     | Found Gokyriy Ynwe's Magic Scroll Emporium.
 11292 | D:10     | Noticed a hill giant
 11304 | D:10     | Killed a hill giant
 11310 | D:10     | Slain by an unseen horror

Vault maps used:
D:1:      roderic_octagonal_star, minmay_stone_trees_small
D:3:      yredelemnul_altar_generic, nicolae_overflow_crystal_walls,
          trog_wizard, uniq_iyjb
D:4:      grunt_gozag_statues
D:5:      first_bread, serial_shops, nicolae_shop_behind_doors,
          minmay_misc_feat_room, uniq_duvessa
D:7:      kennysheep_mini, lemuel_mausoleum_altar_kikubaaqudgha,
          uniq_crazy_yiuf_cottage, uniq_menkaure
D:8:      minmay_diamond_stairs, minmay_lair_entry_lava, blue_anna_alchemist,
          nemelex_spade_bored_becter
D:9:      hiddenorc1_lemuel, serial_undead, serial_undead_b, serial_undead_b,
          serial_undead_c, serial_undead_b, serial_shops, shop,
          amethyst_killhole, uniq_joseph
D:10:     serial_shops, nicolae_shop_trees

Skill      XL: |  1  2  3  4  5  6  7  8  9 10 11 |
---------------+----------------------------------+-----
Earth Magic    | 4 5 6 8 9 11 | 11.5
Transmutations | 2 |  2.0
Short Blades   | 1 2 7 8 9 |  9.1
Stealth        | 4 10 | 10.1
Spellcasting   | 5 6 7 8 11 | 11.5
Dodging        | |  2.4

Action                   |  1- 3 |  4- 6 |  7- 9 | 10-12 || total
-------------------------+-------+-------+-------+-------++-------
Melee: Dagger            |     2 |     6 |    40 |    21 ||    69
       Unarmed           |       |       |     1 |       ||     1
       Rapier            |       |       |    73 |   150 ||   223
 Cast: Sandblast         |    52 |   102 |   120 |     3 ||   277
       Passwall          |       |     4 |    13 |     8 ||    25
       Petrify           |       |     1 |    46 |    42 ||    89
       Lee's Rapid Decon |       |       |     1 |    10 ||    11
  Use: Scroll            |       |       |     7 |     6 ||    13
       Potion            |       |       |       |     1 ||     1
 Stab: Sleeping          |     2 |     2 |    10 |    11 ||    25
       Petrified         |       |     1 |    32 |    19 ||    52
       Petrifying        |       |     1 |    12 |    14 ||    27
  Eat: Meat ration       |       |     1 |     3 |     1 ||     5
       Chunk             |       |     1 |       |       ||     1
       Bread ration      |       |     1 |       |       ||     1
       Pizza             |       |       |     3 |     1 ||     4
       Royal jelly       |       |       |       |     1 ||     1
Armor: Robe              |     4 |     8 |    21 |     9 ||    42
Dodge: Dodged            |    15 |    37 |    83 |    46 ||   181
